 Dungeon Crawl Stone Soup version 0.14-a0-759-g26e2352 (webtiles) character file.

326 JacquesDerrida the Chiller (level 5, -3/35 HPs)
             Began as a Demonspawn Ice Elementalist on Nov 9, 2013.
             Slain by Menkaure (22 damage)
             ... on Level 4 of the Dungeon.
             The game lasted 00:09:26 (2216 turns).

JacquesDerrida the Chiller (DsIE)                   Turns: 2216, Time: 00:09:26

HP  -3/35        AC  8     Str  9      XL: 5   Next: 44%
MP   5/9         EV 14     Int 17      God:
Gold 133         SH  0     Dex 13      Spells:  3 memorised,  2 levels left

Res.Fire  : + . .   See Invis. : .   n - staff of conjuration
Res.Cold  : . . .   Warding    : .   a - +0 robe (curse)
Life Prot.: . . .   Conserve   : .   (no shield)
Res.Poison: .       Res.Corr.  : .   (helmet restricted)
Res.Elec. : .       Clarity    : .   (no cloak)
Sust.Abil.: . .     Spirit.Shd : .   l - +0 pair of gloves
Res.Mut.  : .       Stasis     : .   (no boots)
Res.Rott. : .       Flight     : .   (no amulet)
Saprovore : . . .                    (no ring)
                                     r - ring of protection from fire {unknown}

@: icy armour, slightly resistant to hostile enchantments, fairly stealthy
A: horns 2, EV +2
a: no special abilities


You were on level 4 of the Dungeon.
You were not hungry.

You visited 1 branch of the dungeon, and saw 5 of its levels.

You collected 133 gold pieces.

Inventory:

Hand weapons
 d - a +0,+0 dagger
 t - a +1,+3 short sword
Armour
 a - a cursed +0 robe (worn)
 l - a +0 pair of gloves (worn)
Magical devices
 x - a wand of enslavement (7)
Comestibles
 c - 3 bread rations
 f - 3 meat rations
 q - 2 apples
 A - 2 rotting chunks of worker ant flesh
Scrolls
 e - a scroll of recharging {unknown}
 g - a scroll of noise {unknown}
 h - a scroll of remove curse {unknown}
 i - 3 scrolls of identify {unknown}
 j - a scroll of amnesia {unknown}
 m - a scroll of enchant armour {unknown}
 o - 2 scrolls of blinking {unknown}
 s - 2 scrolls of random uselessness {unknown}
 u - a scroll of magic mapping {unknown}
 z - 2 scrolls of teleportation
 B - a scroll of fear {unknown}
Jewellery
 r - a ring of protection from fire (left hand) {unknown}
Potions
 p - a potion of beneficial mutation {unknown}
 v - a potion of curing {unknown}
 w - a potion of speed {unknown}
 C - a potion of heal wounds
Books
 b - a book of Frost

   Spells                             Type                      Level
   *Freeze                            Ice                          1
   *Throw Frost                       Conjuration/Ice              2
   *Ozocubu's Armour                  Charms/Ice                   3
   Throw Icicle                       Conjuration/Ice              4
   Summon Ice Beast                   Ice/Summoning                4
   Condensation Shield                Ice                          4
Magical staves
 n - an uncursed staff of conjuration (weapon)


   Skills:
 - Level 1.7 Dodging
 - Level 1.7 Stealth
 - Level 2.1 Spellcasting
 + Level 1.0 Conjurations
 + Level 5.2 Ice Magic


You had 2 spell levels left.
You knew the following spells:

 Your Spells              Type           Power        Failure   Level  Hunger
a - Freeze                Ice            ###.         2%          1    #......
b - Ozocubu's Armour      Chrm/Ice       ##........   21%         3    ####...
c - Throw Frost           Conj/Ice       ###...       10%         2    ##.....


Dungeon Overview and Level Annotations

Branches:
Dungeon (5/27)
 Temple: D:4-7

Altars:
Cheibriados
Trog

Annotations:
D:2 Crazy Yiuf
D:3 1 exclusion, Grinder
D:4 Eustachio; Menkaure; Sigmund
D:5 timbw's ghost, weakling DjFi


Innate Abilities, Weirdness & Mutations

You have a pair of horns on your head.
You are surrounded by a mild repulsion field (EV +2).


Message History

You smell something rotten. (slot A) Throwing (i - inventory):
k - a dart of flame (quivered)
Press: ? - help, Shift-Dir - straight line, f/p - Menkaure
Aim: Menkaure (severely damaged)
You throw a dart of flame. The dart of flame hits Menkaure.
Menkaure appears unharmed.
Menkaure is severely damaged.
Casting: Freeze
Confirm with . or Enter, or press ? or * to list all spells.
A film of ice covers your body!
Casting: Ozocubu's Armour
Confirm with . or Enter, or press ? or * to list all spells.
Aiming: Freeze
Press: ? - help, Shift-Dir - straight line, f/p - Menkaure
Aim: Menkaure (severely damaged)
You freeze Menkaure.
Menkaure resists.
Menkaure is severely damaged.
Menkaure hits you!
Ouch! That really hurt!
You die...

..? .........
....?......
............#
...........(.#
.............#
.....%.......#
..............#
(..(((@M@.....#
..............#
.............#
.............#
...............
.............
...........
......... ...


You could see Sigmund and Menkaure.

Vanquished Creatures
  An orc priest (D:3)
  3 worker ants
  Terence (D:3)
  3 adders
  2 giant geckos
  4 orcs
  5 bats
  4 giant cockroaches
  5 hobgoblins
  2 jackals (D:1)
  A giant newt (D:1)
  7 goblins
  7 kobolds
  A kobold skeleton (D:4)
  8 rats
54 creatures vanquished.

Vanquished Creatures (collateral kills)
  An orc (D:4)
  A bat (D:4)
2 creatures vanquished.

Grand Total: 56 creatures vanquished

Notes
Turn   | Place    | Note
--------------------------------------------------------------
     0 | D:1      | JacquesDerrida, the Demonspawn Ice Elementalist, began the quest for the Orb.
     0 | D:1      | Reached XP level 1. HP: 13/13 MP: 3/3
   104 | D:1      | Reached skill level 3 in Ice Magic
   177 | D:1      | Gained mutation: You are surrounded by a mild repulsion field (EV +2). [demonic ancestry]
   177 | D:1      | Reached XP level 2. HP: 13/19 MP: 1/4
   849 | D:2      | Found a snail-covered altar of Cheibriados.
   907 | D:2      | Gained mutation: You have a pair of small horns on your head. [demonic ancestry]
   907 | D:2      | Reached XP level 3. HP: 16/24 MP: 0/5
   917 | D:2      | Reached skill level 4 in Ice Magic
  1181 | D:2      | Noticed Crazy Yiuf
  1188 | D:2      | Learned a level 3 spell: Ozocubu's Armour
  1479 | D:3      | Reached XP level 4. HP: 30/30 MP: 2/7
  1528 | D:3      | Found a bloodstained altar of Trog.
  1581 | D:3      | Noticed Terence
  1603 | D:3      | Killed Terence
  1752 | D:3      | Noticed Grinder
  1798 | D:3      | Gained mutation: You have a pair of horns on your head. [demonic ancestry]
  1798 | D:3      | Reached XP level 5. HP: 32/35 MP: 3/9
  1842 | D:4      | Reached skill level 5 in Ice Magic
  1894 | D:4      | Noticed Eustachio
  2035 | D:4      | Noticed a phantom
  2110 | D:5      | Entered Level 5 of the Dungeon
  2110 | D:5      | Noticed timbw's ghost (weakling DjFi)
  2123 | D:3      | Learned a level 2 spell: Throw Frost
  2206 | D:4      | Noticed Menkaure
  2211 | D:4      | Noticed Sigmund
  2216 | D:4      | Slain by Menkaure

Action                   |  1- 3 |  4- 6 || total
-------------------------+-------+-------++-------
Melee: Dagger            |    41 |       ||    41
       Staff             |    27 |    10 ||    37
Throw: Javelin           |       |    17 ||    17
       Dart              |       |     2 ||     2
 Cast: Freeze            |    45 |    23 ||    68
       Ozocubu's Armour  |       |     1 ||     1
Evoke: Wand              |       |     6 ||     6
  Use: Potion            |     1 |       ||     1
       Scroll            |     1 |     1 ||     2
 Stab: Sleeping          |     2 |       ||     2
